 Dungeon Crawl Stone Soup version 0.26-a0-683-g5206c1d7ac (webtiles) character file.

Game seed: 9805808636621700371

581 jasper the Digger (level 7, -9/40 HPs)
             Began as a Kobold Earth Elementalist on Oct 22, 2020.
             Mangled by Joseph
             ... wielding a +0 quarterstaff
              (12 damage)
             ... on level 7 of the Dungeon.
             The game lasted 00:09:00 (5429 turns).

jasper the Digger (Kobold Earth Elementalist)       Turns: 5429, Time: 00:09:00

Health: -9/40      AC:  2    Str:  6    XL:     7   Next: 63%
Magic:  2/11       EV: 17    Int: 18    God:
Gold:   249        SH:  0    Dex: 15    Spells: 6/12 levels left

rFire    . . .     SeeInvis .     - Unarmed
rCold    . . .     Faith    .   (shield restricted)
rNeg     . . .     Spirit   .   c - +0 robe
rPois    .         Reflect  .   (no helmet)
rElec    .         Harm     .   (no cloak)
rCorr    .         Rampage  .   (no gloves)
MR       .....                  (no boots)
Stlth    +++.......             (no amulet)
HPRegen  0.13/turn              (no ring)
MPRegen  0.12/turn              (no ring)

@: brilliant
A: small, nightstalker 3
a: no special abilities


You were on level 7 of the Dungeon.
You visited 1 branch of the dungeon, and saw 7 of its levels.

You collected 249 gold pieces.

Inventory:

Missiles
 b - 58 stones
 r - 7 poisoned darts (quivered)
Armour
 c - a +0 robe (worn)
 f - a +0 buckler
Scrolls
 a - a scroll of fog {unknown}
 d - 3 scrolls of amnesia {unknown}
 g - 3 scrolls of teleportation {unknown}
 h - 2 scrolls of magic mapping {unknown}
 k - a scroll of enchant armour {unknown}
 l - a scroll of remove curse {unknown}
 o - 3 scrolls of identify {unknown}
 s - a scroll of enchant weapon {unknown}
 t - a scroll of vulnerability {unknown}
Potions
 e - 2 potions of brilliance
 i - 2 potions of lignification {unknown}
 j - a potion of might {unknown}
 m - a potion of curing {unknown}
 n - 2 potions of mutation {unknown}
 p - a potion of invisibility {unknown}
 q - a potion of haste {unknown}


   Skills:
 + Level 2.6 Fighting
 + Level 4.1 Dodging
 - Level 3.0 Stealth
 + Level 1.8 Shields
 + Level 2.5 Unarmed Combat
 - Level 3.0 Spellcasting
 - Level 2.0 Conjurations
 - Level 1.4 Transmutations
 * Level 5.0 Earth Magic


You had 6 spell levels left.
You knew the following spells:

 Your Spells              Type           Power        Failure   Level
a - Sandblast             Erth           ####..       1%          1
b - Passwall              Tmut/Erth      ###.....     7%          2
c - Stone Arrow           Conj/Erth      ###...       12%         3

Your spell library contained the following spells:

 Spells                   Type           Power        Failure   Level
 Petrify                  Tmut/Erth      ###.....     41%         4
 Lee's Rapid Deconstruct  Erth           ####......   50%         5


Dungeon Overview and Level Annotations

Branches:
Dungeon (7/15)
 Temple: D:4-7

Altars:
Elyvilon
Qazlal
Uskayaw
Xom
Yredelemnul

Annotations:
D:3 1 runed translucent door
D:5 exclusions: necrophage and ogre, Ijyb
D:6 4 runed translucent doors
D:7 Joseph


Innate Abilities, Weirdness & Mutations

You are small and have problems with some larger weapons.
You are completely attuned to the shadows.


Message History

Joseph misses you.
You now have 3/11 mp.
You aren't carrying any items that you can evoke.
Unknown command.
Okay, then.
Casting: Sandblast (safe; 1% risk of failure)
Confirm with . or Enter, or press ? or * to list all spells.
Aiming: Sandblast (safe; 1% risk of failure)
Press: ? - help, Shift-Dir - straight line, f/p - Joseph
Aim: Joseph, wielding a +0 quarterstaff, wearing a +0 ring mail and quivering 16 sling bullets (moderately wounded)
The blast of sand hits Joseph.
Joseph is moderately wounded.
b - 58 stones Joseph hits you with a +0 quarterstaff!!
* * * LOW HITPOINT WARNING * * *
You take 19 damage, and have 3/40 hp.
MASSIVE DAMAGE!!
You now have 2/11 mp.
It was a potion of brilliance.
You feel clever all of a sudden. Joseph hits you with a +0 quarterstaff!
You die...

#####.#### #.# ### #.#
###8### #.# #._._.# #.#
#.#####...## #.#
#....##⌠.⌠# #.#
#..#####'## ##.######.
#.....#..######........o
>........(.(@@oo....$....
###.......#######...#(.#.
##.#.#### ##.##..# ###.#
#....... #.# #.....### #.
..#...


You could see Joseph, an orc wizard and an orc.

Vanquished Creatures
  A black bear (D:6)
  A scorpion (D:5)
  2 orc wizards (D:4)
  A bullfrog skeleton (D:5)
  2 orc priests
  An iguana (D:6)
  A worker ant (D:5)
  2 hound zombies
  2 hound skeletons
  3 gnolls (D:4)
  4 adders
  An ooze (D:3)
  A worm (D:4)
  2 leopard geckos
  9 orcs
  11 bats
  7 giant cockroaches
  19 goblins
  7 hobgoblins
  17 jackals
  2 quokkas (D:3)
  2 ball pythons
  7 frilled lizards
  6 kobolds
  A leopard gecko skeleton (D:6)
  A leopard gecko zombie (D:5)
  7 rats
120 creatures vanquished.

Notes
Turn   | Place    | Note
-------+----------+-------------------------------------------
     0 | D:1      | jasper the Kobold Earth Elementalist began the quest for
                  | the Orb.
     0 | D:1      | Reached XP level 1. HP: 10/10 MP: 3/3
   213 | D:1      | Reached XP level 2. HP: 16/16 MP: 1/5
   260 | D:1      | Learned a level 2 spell: Passwall
   496 | D:1      | Reached XP level 3. HP: 20/20 MP: 4/6
  1124 | D:2      | Reached skill level 1 in Fighting
  1160 | D:2      | Reached XP level 4. HP: 24/25 MP: 2/7
  1324 | D:2      | Reached skill level 1 in Unarmed Combat
  1581 | D:2      | Learned a level 3 spell: Stone Arrow
  1686 | D:2      | Noticed an ogre
  2080 | D:3      | Found a white marble altar of Elyvilon.
  2144 | D:3      | Found a runed translucent door.
  2194 | D:3      | Reached XP level 5. HP: 25/29 MP: 5/9
  2243 | D:3      | Found a stormy altar of Qazlal.
  2867 | D:4      | Reached skill level 1 in Shields
  2867 | D:4      | Reached skill level 4 in Earth Magic
  2870 | D:4      | Reached XP level 6. HP: 30/34 MP: 5/10
  3105 | D:4      | Reached skill level 1 in Conjurations
  3712 | D:5      | Entered Level 5 of the Dungeon
  3749 | D:5      | Noticed a necrophage
  3755 | D:5      | Noticed Ijyb
  4150 | D:5      | Reached XP level 7. HP: 26/40 MP: 6/11
  4438 | D:5      | Found a shimmering altar of Xom.
  4652 | D:6      | HP: 2/40 [orc/+0 trident (8)]
  4979 | D:6      | Found a large runed translucent door.
  4980 | D:6      | Found a large runed translucent door.
  5220 | D:6      | Reached skill level 5 in Earth Magic
  5305 | D:6      | Found a large runed translucent door.
  5306 | D:6      | Found a large runed translucent door.
  5385 | D:7      | Found a hide-covered altar of Uskayaw.
  5385 | D:7      | Found a basalt altar of Yredelemnul.
  5403 | D:7      | Noticed Joseph
  5429 | D:7      | Mangled by Joseph

Illustrated notes

Levels and vault maps discovered:
D:1:      minmay_arrival_wavy_path, layout_rooms
D:2:      minmay_evil_eye, layout_basic, uniq_jessica
D:3:      layout_rooms, grunt_qazlal_clouds, elyvilon_altar_1,
          ebering_ghost_reflecting_pool
D:4:      layout_loops_ring
D:5:      layout_basic, lemuel_round_altar, abandoned_shop, uniq_ijyb
D:6:      layout_loops_ring, makhleb_grotto_becter, temple_pool_b,
          minmay_hollow_rounded_squares
D:7:      layout_loops_corners, minmay_overflow_temple_hex,
          gammafunk_temple_overflow_statue, minmay_gold_behind_fungi,
          kennysheep_small_circle, uniq_joseph

Skill      XL: |  1  2  3  4  5  6  7 |
---------------+----------------------+-----
Stealth        | 3 |  3.0
Fighting       | 1 2 |  2.6
Unarmed Combat | 1 2 |  2.5
Dodging        | 3 4 |  4.1
Spellcasting   | 3 |  3.0
Shields        | 1 |  1.8
Earth Magic    | 4 5 |  5.0
Conjurations   | 1 2 |  2.0
Transmutations | |  1.4

Action                   |  1- 3 |  4- 6 |  7- 9 || total
-------------------------+-------+-------+-------++-------
Melee: Unarmed           |    17 |   154 |    61 ||   232
       Punch             |       |     1 |       ||     1
Throw: Dart              |       |    18 |     1 ||    19
 Cast: Sandblast         |    49 |    85 |    34 ||   168
  Use: Potion            |       |       |     1 ||     1
 Stab: Sleeping          |       |     4 |     4 ||     8
Armor: Robe              |     2 |    24 |     2 ||    28
Dodge: Dodged            |    15 |   151 |    73 ||   239

Table legend: (Time is in decaauts)
 A = Elapsed time spent in this place.
 B = Non-inter-level travel time spent in this place.
 C = Inter-level travel time spent in this place.
 D = Time resting spent in this place.
 E = Time spent auto-exploring this place.
 F = Levels seen in this place.
 G = Mean time per level.
                   A        B        C        D        E       F      G
               +--------+--------+--------+--------+--------+-----+--------+
         Total |   5419 |   5336 |     83 |    846 |   3726 |   7 |  774.1 |
       Dungeon |   5419 |   5336 |     83 |    846 |   3726 |   7 |  774.1 |
               +--------+--------+--------+--------+--------+-----+--------+

Top non-repeatable levels by time:
     D:5: 1237 daAuts
     D:3: 1017 daAuts
     D:4: 981 daAuts
     D:2: 884 daAuts
     D:1: 824 daAuts
     D:6: 393 daAuts
     D:7: 80 daAuts
